 Dungeon Crawl Stone Soup version 0.25.1-8-g42b30a86e7 (webtiles) character file.

Game seed: 14047604090335415468

289 Azimut41r the Charlatan (level 6, 0/47 HPs)
             Began as a Gnoll Artificer on Dec 13, 2020.
             Succumbed to a killer bee's poison
             ... on level 3 of the Dungeon.
             The game lasted 00:12:40 (2280 turns).

Azimut41r the Charlatan (Gnoll Artificer)           Turns: 2280, Time: 00:12:40

Health: 0/47       AC:  4    Str: 14    XL:     6   Next: 31%
Magic:  11/11      EV: 14    Int: 15    God:
Gold:   118        SH:  0    Dex: 16    Spells: 8/8 levels left

rFire    . . .     SeeInvis .   a - +0 short sword
rCold    . . .     Gourm    .   (no shield)
rNeg     . . .     Faith    .   b - +0 leather armour
rPois    .         Spirit   .   (no helmet)
rElec    .         Reflect  .   (no cloak)
rCorr    .         Harm     .   k - +0 pair of gloves
MR       .....                  (no boots)
Stlth    ++........             (no amulet)
HPRegen  0.15/turn              (no ring)
MPRegen  0.12/turn              (no ring)

@: lethally poisoned (0 -> -10), flying
A: distributed training, fangs 1, strong nose
a: no special abilities


You were on level 3 of the Dungeon.
You were hungry.

You visited 1 branch of the dungeon, and saw 3 of its levels.

You collected 118 gold pieces.

Inventory:

Hand Weapons
 a - a +0 short sword (weapon)
Missiles
 v - 45 bolts
 w - 19 arrows
 x - 2 atropa-tipped darts (quivered)
Armour
 b - a +0 leather armour (worn)
 k - a +0 pair of gloves (worn)
 n - a +0 leather armour
 t - a cursed +0 chain mail
 y - a +0 leather armour
 z - a +0 pair of gloves
Wands
 c - a wand of flame (6)
 d - a wand of enslavement (14)
 e - a wand of random effects (14)
 p - a wand of iceblast (7)
Scrolls
 h - 4 scrolls of identify {unknown}
 i - a scroll of teleportation {unknown}
 j - a scroll of enchant weapon {unknown}
 q - a scroll of fog {unknown}
 A - a scroll of enchant armour {unknown}
Potions
 g - a potion of flight
 m - a potion of magic {unknown}
 o - a potion of invisibility {unknown}
 r - a potion of heal wounds {unknown}
 s - a potion of mutation {unknown}
 u - a potion of degeneration {unknown}
Comestibles
 f - 4 rations
 l - 4 chunks of flesh


   Skills:
 + Level 3.2 Fighting
 + Level 3.2 Short Blades
 + Level 1.8 Long Blades
 + Level 1.8 Axes
 + Level 1.8 Maces & Flails
 + Level 1.8 Polearms
 + Level 1.8 Staves
 + Level 1.8 Slings
 + Level 1.8 Bows
 + Level 1.8 Crossbows
 + Level 1.8 Throwing
 + Level 1.8 Armour
 + Level 4.9 Dodging
 + Level 3.0 Stealth
 + Level 1.8 Shields
 + Level 1.8 Unarmed Combat
 + Level 1.8 Spellcasting
 + Level 1.4 Conjurations
 + Level 1.4 Hexes
 + Level 1.4 Charms
 + Level 1.4 Summonings
 + Level 1.4 Necromancy
 + Level 1.4 Translocations
 + Level 1.4 Transmutations
 + Level 1.4 Fire Magic
 + Level 1.4 Ice Magic
 + Level 1.4 Air Magic
 + Level 1.4 Earth Magic
 + Level 1.4 Poison Magic
 + Level 2.0 Invocations
 + Level 6.8 Evocations


You had 8 spell levels left.
You didn't know any spells.
Your spell library was empty.

Dungeon Overview and Level Annotations

Branches:
Dungeon (3/15)

Altars:
Uskayaw


Innate Abilities, Weirdness & Mutations

Your experience applies equally to all skills.
You have very sharp teeth.
Your uncanny sense of smell can sniff out nearby items.


Message History

The killer bee stings you!
You are more poisoned.
The killer bee poisons you!
You miss the killer bee.
The killer bee is severely wounded.
You feel sick. The killer bee misses you. The killer bee stings you.
* * * LOW HITPOINT WARNING * * *
Evoke which item? (* to show all) (? for menu, Esc to quit)
Aiming: Throw Flame
Press: ? - help, Shift-Dir - straight line, f - killer bee
Aim: a killer bee (heavily wounded)
The puff of flame misses the killer bee.
* * * LOW HITPOINT WARNING * * *
You feel sick. The killer bee completely misses you. The rat misses you.
The killer bee stings you!
* * * LOW HITPOINT WARNING * * *
It was a potion of flight.
You feel very buoyant.
You fly up into the air.
You die...

.... ...# #
#..##>##.#
#........#
r..###'####
##.g.##
##...†.##
##.......## #
#....yr...#
..#.####
+.....@...+
........
#.........#
........
##.......##
#..##.###.
##.....##
#.### #.
##...## #...
#. #######'##
#... #.
#........#
#... #.
#.#####..#
#..# #.
##.#####..####
#..######.


You could see a killer bee, a goblin and a rat.

Vanquished Creatures
  3 killer bees (D:3)
  An orc priest (D:3)
  An orc wizard (D:3)
  3 adders (D:2)
  An ooze (D:1)
  2 dart slugs
  3 orcs (D:3)
  A ball python (D:2)
  A giant cockroach (D:2)
  8 goblins
  8 hobgoblins
  9 jackals
  2 quokkas (D:2)
  8 bats
  A frilled lizard (D:2)
  2 kobolds (D:2)
  8 rats
62 creatures vanquished.

Notes
Turn   | Place    | Note
-------+----------+-------------------------------------------
     0 | D:1      | Azimut41r the Gnoll Artificer began the quest for the Orb.
     0 | D:1      | Reached XP level 1. HP: 17/17 MP: 4/4
    91 | D:1      | Reached XP level 2. HP: 19/23 MP: 6/6
   634 | D:1      | Reached XP level 3. HP: 28/28 MP: 7/7
  1293 | D:2      | Reached skill level 1 in Invocations
  1435 | D:2      | Reached skill level 1 in Long Blades
  1435 | D:2      | Reached skill level 1 in Axes
  1435 | D:2      | Reached skill level 1 in Maces & Flails
  1435 | D:2      | Reached skill level 1 in Polearms
  1435 | D:2      | Reached skill level 1 in Staves
  1435 | D:2      | Reached skill level 1 in Slings
  1435 | D:2      | Reached skill level 1 in Bows
  1435 | D:2      | Reached skill level 1 in Crossbows
  1435 | D:2      | Reached skill level 1 in Throwing
  1435 | D:2      | Reached skill level 1 in Armour
  1435 | D:2      | Reached skill level 1 in Shields
  1435 | D:2      | Reached skill level 1 in Unarmed Combat
  1435 | D:2      | Reached skill level 1 in Spellcasting
  1442 | D:2      | Reached XP level 4. HP: 33/34 MP: 8/8
  1464 | D:2      | Found a hide-covered altar of Uskayaw.
  1466 | D:2      | Noticed a +3 hand axe
  1468 | D:2      | Noticed a +0 hand axe
  1947 | D:2      | Reached skill level 1 in Conjurations
  1947 | D:2      | Reached skill level 1 in Hexes
  1947 | D:2      | Reached skill level 1 in Charms
  1947 | D:2      | Reached skill level 1 in Summonings
  1947 | D:2      | Reached skill level 1 in Necromancy
  1947 | D:2      | Reached skill level 1 in Translocations
  1947 | D:2      | Reached skill level 1 in Transmutations
  1947 | D:2      | Reached skill level 1 in Fire Magic
  1947 | D:2      | Reached skill level 1 in Ice Magic
  1947 | D:2      | Reached skill level 1 in Air Magic
  1947 | D:2      | Reached skill level 1 in Earth Magic
  1947 | D:2      | Reached skill level 1 in Poison Magic
  2265 | D:3      | Reached XP level 5. HP: 40/40 MP: 9/9
  2274 | D:3      | Reached XP level 6. HP: 42/47 MP: 11/11
  2279 | D:3      | HP: 1/47 [killer bee (9)]
  2280 | D:3      | Succumbed to a killer bee's poison

Illustrated notes

Levels and vault maps discovered:
D:1:      ncdulo_halloftheorcs, layout_rooms
D:2:      layout_basic, dancing_weapons_uskayaw, supply_closet_lemuel,
          minmay_quadrilaterals
D:3:      layout_loops_corners, uniq_crazy_yiuf_cottage, uniq_natasha

Skill      XL: |  1  2  3  4  5  6 |
---------------+-------------------+-----
Invocations    | 1 2 |  2.0
Long Blades    | 1 |  1.8
Axes           | 1 |  1.8
Maces & Flails | 1 |  1.8
Polearms       | 1 |  1.8
Staves         | 1 |  1.8
Slings         | 1 |  1.8
Bows           | 1 |  1.8
Crossbows      | 1 |  1.8
Throwing       | 1 |  1.8
Armour         | 1 |  1.8
Shields        | 1 |  1.8
Unarmed Combat | 1 |  1.8
Spellcasting   | 1 |  1.8
Conjurations   | 1 |  1.4
Hexes          | 1 |  1.4
Charms         | 1 |  1.4
Summonings     | 1 |  1.4
Necromancy     | 1 |  1.4
Translocations | 1 |  1.4
Transmutations | 1 |  1.4
Fire Magic     | 1 |  1.4
Ice Magic      | 1 |  1.4
Air Magic      | 1 |  1.4
Earth Magic    | 1 |  1.4
Poison Magic   | 1 |  1.4
Fighting       | 3 |  3.2
Short Blades   | 3 |  3.2
Stealth        | 3 |  3.0
Dodging        | |  4.9
Evocations     | |  6.8

Action                   |  1- 3 |  4- 6 || total
-------------------------+-------+-------++-------
Melee: Short sword       |   138 |    66 ||   204
       Bite              |     8 |     1 ||     9
       Punch             |     1 |       ||     1
Evoke: Wand              |    10 |     5 ||    15
  Use: Potion            |       |     1 ||     1
 Stab: Sleeping          |     4 |     2 ||     6
  Eat: Chunk             |     2 |     2 ||     4
Armor: Leather armour    |    32 |    18 ||    50
Dodge: Dodged            |   119 |    51 ||   170
